 Dungeon Crawl Stone Soup version 0.14-a0-2730-g72a2965 (webtiles) character file.

3374 4tharraofdagon the Cleaver (level 9, -5/82 HPs)
             Began as a Minotaur Fighter on Feb 20, 2014.
             Was a Believer of Zin.
             Slain by a vampire mosquito (8 damage)
             ... on Level 12 of the Dungeon.
             The game lasted 00:17:31 (3035 turns).

4tharraofdagon the Cleaver (Minotaur Fighter)       Turns: 3035, Time: 00:17:31

HP  -5/82        AC 16     Str 28      XL: 9   Next: 62%
MP   8/9         EV  5     Int  5      God: Zin [**....]
Gold 215         SH 20     Dex 11      Spells:  0 memorised,  8 levels left

rFire  . . .     SeeInvis .     w - +2,+0 dwarf broad axe
rCold  . . .     Clarity  .     B - +0 orc plate armour
rNeg   . . .     Conserve .     c - +0 shield
rPois  .         rCorr    .     o - +0 hat
rElec  .         rRot     .     y - +0 elf cloak
SustAb . .       Spirit   .     (no gloves)
rMut   .         Warding  .     r - +0 pair of boots
Gourm  +         Stasis   .     d - amulet of the gourmand
MR     .....                    E - ring of sustenance
                                K - ring of sustenance

@: mighty, not resistant to hostile enchantments, extremely unstealthy
A: retaliatory headbutt, horns 2
a: Recite, Vitalisation, Renounce Religion


You were on level 12 of the Dungeon.
You worshipped Zin.
Zin was pleased with you.
You were very full.

You visited 1 branch of the dungeon, and saw 12 of its levels.

You collected 238 gold pieces.
You donated 23 gold pieces.

Inventory:

Hand weapons
 a - a +0,+0 hand axe
 g - a -1,+0 orcish hand axe (quivered)
 h - a +2 blowgun
 q - a +2,+2 bow
 w - a +2,+0 dwarven broad axe (weapon)
 D - a cursed -1,-1 orcish hand axe
 G - a cursed +0,-1 battleaxe
 H - a cursed +3,+2 battleaxe
Armour
 b - a +0 scale mail
 c - a +0 shield (worn)
 o - a +0 hat (worn)
 p - a +0 orcish chain mail
 r - a +0 pair of boots (worn)
 u - a +0 plate armour
 y - a +0 elven cloak (worn)
 B - a +0 orcish plate armour (worn)
Comestibles
 v - 2 bread rations
 P - a pear
Scrolls
 f - a scroll of enchant armour {unknown}
 i - 2 scrolls of teleportation {unknown}
 k - a scroll of immolation {unknown}
 n - a scroll of curse jewellery
 s - 2 scrolls of magic mapping
 x - a scroll of summoning {unknown}
 O - 2 scrolls of remove curse
Jewellery
 d - an amulet of the gourmand (around neck)
 z - an uncursed amulet of faith
 E - a ring of sustenance (right hand)
 K - a ring of sustenance (left hand)
Potions
 e - a potion of paralysis {unknown}
 j - a potion of poison
 l - 2 potions of berserk rage {unknown}
 t - a potion of curing
 A - 3 potions of brilliance
 F - a potion of invisibility {unknown}
 I - 2 potions of restore abilities {unknown}
 N - a potion of beneficial mutation
Books
 C - a book of Power

   Spells                             Type                      Level
   Iskenderun's Mystic Blast          Conjuration                  4
   Venom Bolt                         Conjuration/Poison           5
   Bolt of Magma                      Conjuration/Fire/Earth       5
   Fulminant Prism                    Conjuration/Hexes            5
   Iron Shot                          Conjuration/Earth            6
   Orb of Destruction                 Conjuration                  7
 J - a book of Hinderance

   Spells                             Type                      Level
   Confusing Touch                    Hexes                        1
   Slow                               Hexes                        2
   Confuse                            Hexes                        3
   Petrify                            Transmutation/Earth          4
   Leda's Liquefaction                Hexes/Earth                  4
   Metabolic Englaciation             Hexes/Ice                    5
 L - a book of Power

   Spells                             Type                      Level
   Iskenderun's Mystic Blast          Conjuration                  4
   Venom Bolt                         Conjuration/Poison           5
   Bolt of Magma                      Conjuration/Fire/Earth       5
   Fulminant Prism                    Conjuration/Hexes            5
   Iron Shot                          Conjuration/Earth            6
   Orb of Destruction                 Conjuration                  7
Magical staves
 M - an uncursed staff of poison {unknown}


   Skills:
 + Level 8.7 Fighting
 * Level 10.8 Axes
 + Level 8.2 Armour
 - Level 3.4 Dodging
 - Level 3.6 Shields
 + Level 3.2 Invocations


You had 8 spell levels left.
You didn't know any spells.

Dungeon Overview and Level Annotations

Branches:
Dungeon (12/16)               Orc (0/4) D:10
 Temple: D:4-7         Lair: D:8-11

Altars:
Ashenzari
Dithmenos
Fedhas
Okawaru
Sif Muna
Zin

Shops:
D:11 %

Annotations:
D:11 Harold


Innate Abilities, Weirdness & Mutations

You reflexively headbutt those who attack you in melee.
You have a pair of horns on your head.


Message History

Zin accepts your kill.
The vampire mosquito bites you but does no damage.
You completely miss the vampire mosquito.
Your headbutt misses the vampire mosquito.
The vampire mosquito barely misses you.
You block the vampire mosquito's attack.
The giant eyeball stares at you.
You suddenly lose the ability to move!
The vampire mosquito bites you but does no damage.
The vampire mosquito barely misses you. The vampire mosquito bites you.
* * * LOW HITPOINT WARNING * * *
The vampire mosquito bites you.
* * * LOW HITPOINT WARNING * * *
You can move again.
You miss the vampire mosquito. The vampire mosquito bites you!
* * * LOW HITPOINT WARNING * * *
The vampire mosquito barely misses you.
Unknown command.
You miss the vampire mosquito. The vampire mosquito bites you!
You die...

#.# #.# #.# #.#
#.# ##.## ##...##
#.....##########.#
#.....@yG.........
#.....###.......y.
##...## #.######.
##### #.# #.# #.#
#.. ###


You could see a vampire mosquito and a giant eyeball.

Vanquished Creatures
  The ghost of Jenx the Cleaver, an experienced HOAK of Lugonu (D:5)
  A hungry ghost (D:7)
  3 vampire mosquitoes (D:12)
  Edmund (D:4)
  2 orc warriors
  An ogre (D:9)
  2 centaurs (D:8)
  Duvessa (D:9)
  4 wargs (D:10)
  4 giant frogs
  A cyclops zombie (D:8)
  6 wights
  Dowan (D:9)
  5 crimson imps
  2 orc priests (D:6)
  A centaur skeleton (D:10)
  5 hounds
  A gnoll shaman (D:7)
  3 orc wizards
  Natasha (D:3)
  3 iguanas
  2 worker ants
  An ogre zombie (D:5)
  2 giant mites
  5 gnolls
  3 adders
  A goliath beetle zombie (D:5)
  A worm (D:7)
  An orc zombie (D:5)
  A giant eyeball (D:5)
  3 giant geckos
  18 orcs
  A bat skeleton (D:7)
  4 giant cockroaches
  2 goblins
  5 hobgoblins
  10 jackals
  7 bats
  A giant gecko skeleton (D:5)
  4 kobolds
  A rat (D:3)
122 creatures vanquished.

Notes
Turn   | Place    | Note
--------------------------------------------------------------
     0 | D:1      | 4tharraofdagon, the Minotaur Fighter, began the quest for the Orb.
     0 | D:1      | Reached XP level 1. HP: 19/19 MP: 1/1
    93 | D:2      | Reached XP level 2. HP: 10/27 MP: 1/1
   144 | D:3      | Found an iron altar of Okawaru.
   152 | D:3      | Noticed Natasha
   160 | D:3      | Killed Natasha
   160 | D:3      | Reached skill level 4 in Fighting
   160 | D:3      | Reached XP level 3. HP: 33/33 MP: 2/2
   233 | D:4      | Found a glowing silver altar of Zin.
   242 | D:4      | Became a worshipper of Zin the Law-Giver
   287 | D:5      | Entered Level 5 of the Dungeon
   339 | D:4      | Noticed Edmund
   343 | D:5      | Reached skill level 1 in Dodging
   369 | D:5      | Reached XP level 4. HP: 25/40 MP: 2/2
   423 | D:5      | Reached XP level 5. HP: 16/47 MP: 2/2
   440 | D:5      | You fall through a shaft!
   514 | D:8      | Noticed a centaur
   523 | D:8      | Killed a centaur
   523 | D:8      | Reached skill level 5 in Fighting
   532 | D:8      | Noticed a centaur
   541 | D:8      | HP: 1/48 [centaur (3)]
   542 | D:8      | Killed a centaur
   542 | D:8      | Reached skill level 5 in Axes
   542 | D:8      | Reached XP level 6. HP: 1/56 MP: 3/3
   561 | D:9      | Noticed Duvessa
   561 | D:9      | Noticed Dowan
   663 | D:8      | Reached skill level 5 in Armour
   672 | D:8      | Found a blossoming altar of Fedhas.
   697 | D:7      | Found a deep blue altar of Sif Muna.
   838 | D:6      | Found a shattered altar of Ashenzari.
   901 | D:6      | Reached XP level 7. HP: 39/62 MP: 3/3
   947 | D:5      | Noticed Jenx's ghost (experienced HOAK)
   947 | D:5      | Reached skill level 6 in Axes
  1155 | D:6      | Reached skill level 7 in Axes
  1162 | D:6      | Acquired Zin's first power
  1293 | D:6      | Reached XP level 8. HP: 17/71 MP: 3/3
  1529 | D:5      | Paralysed by a giant eyeball for 4 turns
  1536 | D:5      | Paralysed by a giant eyeball for 4 turns
  1583 | D:5      | Found a shadowy altar of Dithmenos.
  1705 | D:4      | Killed Edmund
  1705 | D:4      | Reached skill level 8 in Axes
  1742 | D:5      | Killed Jenx's ghost
  1924 | D:7      | Reached skill level 9 in Axes
  1972 | D:7      | Noticed a hungry ghost
  1981 | D:7      | Killed a hungry ghost
  1981 | D:7      | Reached skill level 1 in Invocations
  2227 | D:8      | Reached XP level 9. HP: 47/81 MP: 6/6
  2324 | D:9      | Killed Duvessa
  2331 | D:9      | Killed Dowan
  2345 | D:9      | Acquired Zin's second power
  2561 | D:10     | Entered Level 10 of the Dungeon
  2673 | D:10     | Found a staircase to the Orcish Mines.
  2679 | D:10     | Reached skill level 10 in Axes
  2958 | D:11     | Found Vew Xuti's Food Shop.
  2967 | D:11     | Noticed Harold
  2993 | D:12     | Paralysed by a giant eyeball for 4 turns
  3003 | D:12     | Paralysed by a giant eyeball for 4 turns
  3012 | D:12     | Paralysed by a giant eyeball for 2 turns
  3022 | D:12     | Paralysed by a giant eyeball for 2 turns
  3030 | D:12     | Paralysed by a giant eyeball for 4 turns
  3034 | D:12     | HP: 3/82 [vampire mosquito (8)]
  3035 | D:12     | Slain by a vampire mosquito

Action                   |  1- 3 |  4- 6 |  7- 9 || total
-------------------------+-------+-------+-------++-------
Melee: Hand axe          |    71 |    91 |    28 ||   190
       Broad axe         |       |       |   279 ||   279
  Use: Potion            |     1 |     4 |     3 ||     8
       Scroll            |       |       |     9 ||     9
